 Dungeon Crawl Stone Soup version 0.31-a0-1589-g8f5e8aebd6 (webtiles) character file.

Game seed: 15834933312239719028

3754 MisterAzrael the Fighter (level 9, -3/76 (85) HPs)
             Began as a Minotaur Fighter on Jan 5, 2024.
             Was an Elder of Zin.
             Slain by a two-headed ogre
             ... wielding a +0 giant club
              (24 damage)
             ... on level 10 of the Dungeon.
             The game lasted 00:12:21 (5780 turns).

MisterAzrael the Fighter (Minotaur Fighter)         Turns: 5780, Time: 00:12:22

HP:   -3/76 (85)    AC:  2    Str: 31    XL:     9   Next: 93%
MP:   14/14         EV: 10    Int:  5    God:    Zin [****..]
Gold: 369           SH:  0    Dex: 12    Spells: 8/8 levels left

rFire   . . .        j - +6 battleaxe
rCold   . . .        (shield currently unavailable)
rNeg    . . .        b - +0 scale mail
rPois   .            e - +1 hat of Ynunt {*Corrode Str+8}
rElec   .            (no cloak)
rCorr   .            (no gloves)
SInv    .            G - +1 pair of boots
Will    .....        s - amulet of Vitality {RegenMP++ Regen++} Stlth
                     (no ring)
HPRegen 1.92/turn    (no ring)
MPRegen 0.94/turn

%: corrode self (3%)
@: corroded, on recite cooldown, heavily drained
A: horns 2, retaliatory headbutt
a: Renounce Religion, Recite, Vitalisation, Imprison, Donate Gold


You were on level 10 of the Dungeon.
You worshipped Zin.
Zin was greatly pleased with you.
You visited 2 branches of the dungeon, and saw 10 of its levels.
You also visited: Ossuary.

You collected 787 gold pieces.
You donated 418 gold pieces to Zin.

Inventory:

Hand Weapons
 a - a +2 heavy war axe
 j - a +6 battleaxe (weapon)
Missiles
 m - 10 poisoned darts
 y - 2 throwing nets
Armour
 b - a +0 scale mail (worn)
 c - a +0 buckler
 e - the +1 hat of Ynunt (worn) {*Corrode Str+8}
   (You acquired it on level 5 of the Dungeon)

   Str+8:     It affects your strength (+8).
   *Corrode:  It may corrode you when you take damage.
 k - a +0 pair of boots
 G - a +1 pair of boots (worn)
Jewellery
 n - a ring of ice
 p - a ring of protection from cold
 s - the amulet of Vitality (around neck) {RegenMP++ Regen++}
   (You found it on level 4 of the Dungeon)

   [amulet of magic regeneration]

   RegenMP:   It increases your rate of magic regeneration.
   Regen++:   It increases your rate of health regeneration.
Wands
 A - a wand of flame (17)
 B - a wand of polymorph (14)
 F - a wand of charming (22)
Scrolls
 f - a scroll of summoning
 i - 6 scrolls of identify
 l - a scroll of immolation
 u - 2 scrolls of amnesia
 v - a scroll of revelation
 z - 2 scrolls of poison
 E - a scroll of teleportation
Potions
 d - 2 potions of might
 g - 3 potions of mutation
 h - a potion of lignification {unknown}
 o - a potion of ambrosia {unknown}
 q - 3 potions of attraction {unknown}
 r - 3 potions of enlightenment {unknown}
 t - 2 potions of heal wounds {unknown}
 w - 4 potions of curing
 x - a potion of invisibility {unknown}
 C - a potion of cancellation {unknown}
 D - a potion of magic {unknown}


   Skills:
 + Level 10.0 Fighting
 + Level 8.6 Axes
 - Level 5.6 Armour
 - Level 5.5 Shields
 * Level 8.3 Invocations


You had 8 spell levels left.
You didn't know any spells.
Your spell library contained the following spells:

 Spells                   Type           Power      Damage    Failure   Level
 Magic Dart               Conj           0%         1d3       71%         1
 Blink                    Tloc           0%         N/A       83%         2
 Call Imp                 Summ           0%         N/A       83%         2
 Frozen Ramparts          Ice            0%         1d1       97%         3
 Leda's Liquefaction      Alch/Erth      0%         N/A       100%        4
 Petrify                  Alch/Erth      0%         N/A       100%        4
 Metabolic Englaciation   Hex/Ice        0%         N/A       100%        5


Dungeon Overview and Level Annotations

Branches:
Dungeon (8/15)             Temple (1/1) D:5             Orc (0/2) D:10
Ossuary (visited)
   Lair: D:8-11

Altars:
Ashenzari
Cheibriados
Dithmenos
Elyvilon
Fedhas
Gozag
Hepliaklqana
Kikubaaqudgha
Makhleb
Nemelex Xobeh
Okawaru
Qazlal
Ru
Sif Muna
Trog
Uskayaw
Vehumet
Wu Jian
Xom
Yredelemnul
Zin
The Shining One

Shops:
D:2 *


Innate Abilities, Weirdness & Mutations

You have a pair of horns on your head.
You reflexively headbutt those who attack you in melee.


Message History

The bullfrog hits you.
You see here 4 large rocks.
You barely miss the wight.
The wight is almost destroyed.
You slash the bullfrog! The bullfrog closely misses you.
The wight barely misses you. You furiously retaliate!
You headbutt the wight, but do no damage.
The bullfrog hits you.
The wight hits you from afar with a +0 spear.
You feel drained.
You slash the wight!
You destroy the wight!
Zin accepts your kill.
You hit the bullfrog but do no damage. The bullfrog hits you!
* * * LOW HITPOINT WARNING * * *
The wight hits you from afar with a +0 spear.
* * * LOW HITPOINT WARNING * * *
The bullfrog hits you.
* * * LOW HITPOINT WARNING * * *
Your Fighting skill increases to level 10!
It was a potion of curing.
You feel better. The bullfrog closely misses you.
The wight hits you from afar with a +0 spear.
* * * LOW HITPOINT WARNING * * *
You feel drained.
Zin releases something from its prison.
The bullfrog hits you but does no damage.
You slice the bullfrog!!
You kill the bullfrog!
You slash the wight!
The wight is severely damaged.
The wight closely misses you. The wight barely misses you.
A scorpion comes into view.
You slice the wight!!
You destroy the wight!
Zin accepts your kill.
The two-headed ogre attacks as it pursues you!
The two-headed ogre hits you with a +0 giant club!
* * * LOW HITPOINT WARNING * * *
The two-headed ogre hits you with a +0 giant club!!
You die...

...## #...##...##.# ..
#..#####.#.##...##..
..
#.##.........#.###.#
.. # ##.......#.#### .
## ..#####..........#
.....>$[........##
.............)..###
.......#O#..)#O...#
...[..)###...#@##>#
........<.............
..........##.#.#####..
.............#.#
....>####.#....# #.###
#...#..# #. #.......
... ....


You could see a two-headed ogre.

Vanquished Creatures
  A gargoyle (D:10)
  A shadow (D:10)
  A wyvern (D:8)
  A steam dragon (D:6)
  A water moccasin (D:7)
  An orc warrior (D:7)
  A black bear (D:5)
  3 ice beasts
  2 sky beasts (D:7)
  An ogre (D:7)
  3 centaurs
  A phantom (D:7)
  A kobold brigand (D:6)
  5 bullfrogs
  A scorpion (D:4)
  8 wights
  7 howler monkeys
  A bombardier beetle (D:5)
  2 jellies (D:7)
  2 hounds
  2 orc priests
  5 sleepcaps
  3 iguanas
  3 orc wizards
  8 mummies (Ossuary)
  4 adders
  5 white imps
  4 dart slugs
  A ribbon worm (D:2)
  26 orcs
  12 endoplasms
  3 giant cockroaches (D:1)
  12 goblins
  10 hobgoblins
  3 jackals (D:1)
  5 quokkas
  5 ball pythons
  6 bats
  A gnoll zombie (Ossuary)
  A goblin zombie (D:5)
  A hobgoblin zombie (Ossuary)
  13 kobolds
  4 kobold zombies (Ossuary)
  2 orc zombies (Ossuary)
  6 rats
189 creatures vanquished.

Notes
Turn   | Place    | Note
-------+----------+-------------------------------------------
     0 | D:1      | MisterAzrael the Minotaur Fighter began the quest for the
                  | Orb.
     0 | D:1      | Reached XP level 1. HP: 19/19 MP: 0/0
    44 | D:1      | Reached XP level 2. HP: 25/27 MP: 1/1
    98 | D:1      | Reached skill level 4 in Fighting
   360 | D:1      | Reached XP level 3. HP: 28/33 MP: 2/2
   814 | D:2      | Found Plog's Assorted Antiques.
  1162 | D:2      | Reached XP level 4. HP: 35/41 MP: 3/3
  1549 | D:3      | Found a white marble altar of Elyvilon.
  1633 | D:3      | Found a faded altar of an unknown god.
  1638 | D:3      | Reached skill level 5 in Fighting
  2087 | D:4      | Reached XP level 5. HP: 24/48 MP: 4/4
  2593 | D:4      | Found the amulet of Vitality {RegenMP++ Regen++}
  2597 | D:4      | Reached skill level 5 in Armour
  2597 | D:4      | Reached XP level 6. HP: 57/57 MP: 5/5
  2600 | D:4      | Reached skill level 6 in Fighting
  2600 | D:4      | Reached skill level 5 in Shields
  2745 | D:4      | Noticed an ice beast
  2753 | D:4      | Killed an ice beast
  2765 | D:5      | Entered Level 5 of the Dungeon
  2812 | D:5      | Found a sand-covered staircase.
  2825 | Ossuary  | Entered an ossuary
  2850 | Ossuary  | Reached XP level 7. HP: 48/64 MP: 6/6
  3112 | D:5      | Reached skill level 7 in Fighting
  3229 | D:5      | Found a staircase to the Ecumenical Temple.
  3237 | Temple   | Entered the Ecumenical Temple
  3287 | Temple   | Became a worshipper of Zin the Law-Giver
  3287 | Temple   | Reached * piety under Zin
  3287 | Temple   | Reached ** piety under Zin
  3334 | D:5      | Reached skill level 5 in Axes
  3334 | D:5      | Reached skill level 1 in Invocations
  3818 | D:6      | Reached XP level 8. HP: 41/73 MP: 9/9
  4110 | D:6      | Reached *** piety under Zin
  4140 | D:6      | Reached skill level 8 in Fighting
  4671 | D:5      | Identified a scroll of acquirement
  4671 | D:5      | Acquired the +1 hat of Ynunt {*Corrode Str+8}
  4789 | D:7      | Reached skill level 5 in Invocations
  4852 | D:7      | Reached XP level 9. HP: 82/82 MP: 12/12
  4872 | D:7      | Found a bloodstained altar of Trog.
  5032 | D:7      | Reached skill level 9 in Fighting
  5629 | D:8      | You fall into a shaft and drop 2 floors!
  5629 | D:10     | Entered Level 10 of the Dungeon
  5634 | D:10     | Donated 340 gold pieces to Zin
  5636 | D:10     | Reached **** piety under Zin
  5651 | D:10     | Noticed a gargoyle
  5658 | D:10     | Killed a gargoyle
  5754 | D:10     | Found a staircase to the Orcish Mines.
  5760 | D:10     | Noticed a two-headed ogre
  5775 | D:10     | Reached skill level 10 in Fighting
  5780 | D:10     | Slain by a two-headed ogre

Illustrated notes

Levels and vault maps discovered:
D:1:      dpeg_arrival_houses_and_road, layout_loops_ring
D:2:      layout_loops_ring, serial_shops, shop
D:3:      layout_basic, amcnicky_altar_gilded, shapermc_ecumenical_altar_pompeii
D:4:      layout_rooms
D:5:      layout_basic, minmay_temple_entry_metal_lava, enter_ossuary_3
D:6:      layout_cave_pools, kennysheep_small_circle
D:7:      layout_loops_ring, lightli_temple_of_fire, hangedman_minor_gate_pass
D:8:      layout_basic, minivault_11
D:10:     layout_rooms, grunt_lair_entry_orc_guard_hut, serial_corexii_hall,
          chequers_hall_statues_corner_a, corexii_hall_statues_x,
          kennysheep_big_empty_room
Temple:   nicolae_temple_slightly_damp_pantheon

Skill      XL: |  1  2  3  4  5  6  7  8  9 |
---------------+----------------------------+-----
Fighting       | 4 5 6 7 8 10 | 10.0
Armour         | 4 5 |  5.6
Shields        | 4 5 |  5.5
Axes           | 3 4 5 7 8 |  8.6
Invocations    | 3 6 8 |  8.3

Action                     |  1- 3 |  4- 6 |  7- 9 || total
---------------------------+-------+-------+-------++-------
  Melee: War axe           |   108 |   123 |    92 ||   323
         Headbutt          |    11 |    17 |    31 ||    59
         Battleaxe         |       |       |    82 ||    82
 Invoke: Recite            |       |       |     6 ||     6
         Imprison          |       |       |     1 ||     1
         Donate Gold       |       |       |     1 ||     1
    Use: Potion            |       |     1 |     1 ||     2
         Scroll            |       |       |    15 ||    15
 Armour: Scale mail        |    78 |    84 |   207 ||   369
  Dodge: Dodged            |    56 |    59 |   109 ||   224
  Block: Buckler           |    30 |    22 |    28 ||    80

Table legend: (Time is in decaauts)
 A = Elapsed time spent in this place.
 B = Non-inter-level travel time spent in this place.
 C = Inter-level travel time spent in this place.
 D = Time resting spent in this place.
 E = Time spent auto-exploring this place.
 F = Levels seen in this place.
 G = Mean time per level.
                   A        B        C        D        E       F      G
               +--------+--------+--------+--------+--------+-----+--------+
         Total |   5916 |   5707 |    209 |    648 |   3641 |  11 |  537.8 |
       Dungeon |   5642 |   5433 |    209 |    648 |   3549 |   9 |  626.9 |
        Temple |     78 |     78 |      0 |      0 |      0 |   1 |   78.0 |
       Ossuary |    195 |    195 |      0 |      0 |     92 |   1 |  195.0 |
               +--------+--------+--------+--------+--------+-----+--------+

Top non-repeatable levels by time:
     D:5: 946 daAuts
     D:7: 807 daAuts
     D:6: 798 daAuts
     D:2: 771 daAuts
     D:1: 727 daAuts
     D:4: 715 daAuts
     D:3: 628 daAuts
 Ossuary: 195 daAuts
    D:10: 155 daAuts
     D:8: 91 daAuts
  Temple: 78 daAuts
